 Dungeon Crawl Stone Soup version 0.30-a0-122-g2a1322497e (webtiles) character file.

Game seed: 9082632783086843002

212 snarfax the Chopper (level 5, -9/50 HPs)
             Began as a Troll Gladiator on Sept 15, 2022.
             Mangled by Blork the orc
             ... wielding a +1 vorpal morningstar
              (12 damage)
             ... on level 3 of the Dungeon.
             The game lasted 00:06:20 (2706 turns).

snarfax the Chopper (Troll Gladiator)               Turns: 2706, Time: 00:06:21

Health: -9/50      AC:  5    Str: 24    XL:     5   Next: 58%
Magic:  4/4        EV: 14    Int:  4    God:
Gold:   174        SH:  0    Dex: 11    Spells: 4/4 levels left

rFire   . . .      SeeInvis .    a - +1 war axe (vorpal)
rCold   . . .      Faith    .    (no shield)
rNeg    . . .      Spirit   .    b - +0 robe
rPois   .          Reflect  .    c - +0 hat
rElec   .          Harm     .    r - +0 cloak
rCorr   .          Rampage  .    (gloves unavailable)
Will    .....                    (boots unavailable)
Stlth   +.........               (no amulet)
HPRegen 0.96/turn                x - +4 ring of evasion
MPRegen 0.09/turn                (no ring)

@: about to teleport
A: large, unfitting armour, claws 3, regeneration 1, shaggy fur 1, tough skin 1
a: no special abilities


You were on level 3 of the Dungeon.
You visited 1 branch of the dungeon, and saw 4 of its levels.

You collected 174 gold pieces.

Inventory:

Hand Weapons
 a - a +1 vorpal war axe (weapon)
Missiles
 e - a large rock (quivered)
Armour
 b - a +0 robe (worn)
 c - a +0 hat (worn)
 r - a +0 cloak (worn)
Jewellery
 x - a +4 ring of evasion (left claw)
Wands
 j - a wand of flame (25)
 q - a wand of iceblast (23)
Scrolls
 f - a scroll of summoning {unknown}
 g - a scroll of brand weapon
 k - a scroll of blinking
 m - a scroll of amnesia {unknown}
 n - 2 scrolls of teleportation
 p - a scroll of enchant weapon
 s - 2 scrolls of identify
 t - a scroll of silence {unknown}
 u - 2 scrolls of immolation {unknown}
 v - a scroll of poison {unknown}
Potions
 h - a potion of cancellation {unknown}
 i - a potion of mutation
 l - a potion of curing {unknown}
 o - 3 potions of lignification
 w - 2 potions of degeneration {unknown}


   Skills:
 + Level 2.7 Fighting
 * Level 4.1 Axes
 - Level 1.7 Throwing
 + Level 3.3 Dodging


You had 4 spell levels left.
You didn't know any spells.
Your spell library contained the following spells:

 Spells                   Type           Power      Damage    Failure   Level
 Cigotuvi's Dreadful Rot  Necr/Pois/Air  0%         N/A       65%         2
 Poisonous Vapours        Pois/Air       0%         N/A       65%         2
 Frozen Ramparts          Ice            0%         1d1       86%         3
 Ice Form                 Ice/Tmut       0%         N/A       99%         4
 Summon Ice Beast         Ice/Summ       0%         N/A       99%         4


Dungeon Overview and Level Annotations

Branches:
Dungeon (4/15)
 Temple: D:4-7

Altars:
Ashenzari
Gozag
Nemelex Xobeh
Qazlal
Ru
Trog
Wu Jian
Xom
Zin
The Shining One

Annotations:
D:3 Blork the orc


Innate Abilities, Weirdness & Mutations

You are too large for most types of armour.
You have claws for hands.
Your natural rate of healing is unusually fast.
You are covered in fur. (AC +1)
You have tough skin. (AC +1)


Message History

Throw: throwing net
Press: ? - help, Q - select action, (/) - cycle Shift-Dir - straight line, f/p - Blork the orc
Aim: Blork the orc, wielding a +1 vorpal morningstar and wearing a +0 robe (moderately wounded, fast, 60% to hit)
You throw a throwing net.
The throwing net closely misses Blork the orc.
The throwing net hits the iguana.
The iguana is caught in the net!
The iguana struggles against the net.
Blork the orc closely misses you.
Blink to where?
Press: ? - help, Dir - move target, p - Blork the orc
As you read the scroll of blinking, it crumbles to dust.
Blork the orc gestures at you while chanting.
The puff of frost misses you.
Blork the orc looks encouraged for a moment.
Blork the orc casts a spell at you. The puff of frost misses you.
Blork the orc points at you and mumbles some strange words.
The puff of frost hits you.
* * * LOW HITPOINT WARNING * * *
Blork the orc gestures at you while chanting.
The puff of flame hits you!
* * * LOW HITPOINT WARNING * * *
Blork the orc points at you and mumbles some strange words.
The puff of flame hits you!
* * * LOW HITPOINT WARNING * * *
Blork the orc attacks as you move away! Blork the orc barely misses you.
Blork the orc barely misses you. Blork the orc barely misses you.
There is a stone staircase leading up here.
Blork the orc hits you but does no damage.
You climb upwards.
There is a stone staircase leading down here.
As you read the scroll of teleportation, it crumbles to dust.
You feel strangely unstable.
Blork the orc gestures at you while chanting.
The magic dart hits you.
* * * LOW HITPOINT WARNING * * *
Blork the orc barely misses you. Blork the orc attacks as you move away!
Blork the orc hits you with a +1 vorpal morningstar!
You die...

#. #######. #.......
#.......
########.......
##..............
##..###########.#
##..## #.#
#@.#############.#
#o##..............
#.##..............
#.##..............
###.##..............
#.........#######..#
#.........# #...
#.........# #..#
###.####### #..#


You could see Blork the orc (fast).

Vanquished Creatures
  An ogre (D:4)
  4 gnolls
  An adder (D:3)
  2 worms
  A dart slug (D:4)
  4 ball pythons
  8 endoplasms
  4 giant cockroaches
  5 goblins
  4 hobgoblins
  12 jackals
  7 kobolds
  A quokka (D:2)
  4 frilled lizards
  3 rats
61 creatures vanquished.

Vanquished Creatures (others)
  7 toadstools (D:1)
7 creatures vanquished.

Grand Total: 68 creatures vanquished

Notes
Turn   | Place    | Note
-------+----------+-------------------------------------------
     0 | D:1      | snarfax the Troll Gladiator began the quest for the Orb.
     0 | D:1      | Reached XP level 1. HP: 19/19 MP: 0/0
   152 | D:1      | Found a faded altar of an unknown god.
   210 | D:1      | Reached XP level 2. HP: 8/28 MP: 1/1
   455 | D:1      | Reached skill level 3 in Axes
   462 | D:1      | Reached XP level 3. HP: 34/35 MP: 2/2
  1621 | D:3      | Found a glowing golden altar of the Shining One.
  1621 | D:3      | Found a broken altar of Ashenzari.
  1621 | D:3      | Found an ornate altar of the Wu Jian Council.
  1621 | D:3      | Found a sacrificial altar of Ru.
  1622 | D:3      | Found a shimmering altar of Xom.
  1622 | D:3      | Found a sparkling altar of Nemelex Xobeh.
  1622 | D:3      | Found a bloodstained altar of Trog.
  1623 | D:3      | Found a glowing silver altar of Zin.
  1623 | D:3      | Found a stormy altar of Qazlal.
  1624 | D:3      | Found an opulent altar of Gozag.
  1744 | D:3      | Reached XP level 4. HP: 42/42 MP: 3/3
  2664 | D:4      | Noticed an ogre
  2668 | D:4      | Noticed Blork the orc
  2676 | D:4      | Killed an ogre
  2677 | D:4      | Reached skill level 4 in Axes
  2677 | D:4      | Reached XP level 5. HP: 44/50 MP: 4/4
  2698 | D:4      | HP: 2/50 [Blork the orc/puff of flame (9)]
  2706 | D:3      | Mangled by Blork the orc

Illustrated notes

Levels and vault maps discovered:
D:1:      nagdon_arrival_double_spiral, layout_loops_corners,
          shapermc_ecumenical_altar_acropolis, chequers_big_river
D:2:      layout_rooms
D:3:      layout_basic, nicolae_overflows_in_rows, serial_rivers,
          chequers_serial_rivers_marsh, chequers_serial_rivers_small_3,
          chequers_serial_rivers_micro_e, chequers_serial_rivers_micro_e
D:4:      layout_basic, fedhas_ov_isle_minmay,
          minmay_temple_entry_statues_pillars, uniq_ijyb, uniq_blork_the_orc

Skill      XL: |  1  2  3  4 |
---------------+-------------+-----
Fighting       | 2 |  2.7
Axes           | 3 4 |  4.1
Dodging        | 3 |  3.3
Throwing       | |  1.7

Action                   |  1- 3 |  4- 6 || total
-------------------------+-------+-------++-------
Melee: War axe           |   116 |    46 ||   162
Throw: Throwing net      |       |     3 ||     3
  Use: Scroll            |     4 |     4 ||     8
 Stab: Sleeping          |     3 |       ||     3
Armor: Robe              |    39 |    19 ||    58
Dodge: Dodged            |    75 |    33 ||   108

Table legend: (Time is in decaauts)
 A = Elapsed time spent in this place.
 B = Non-inter-level travel time spent in this place.
 C = Inter-level travel time spent in this place.
 D = Time resting spent in this place.
 E = Time spent auto-exploring this place.
 F = Levels seen in this place.
 G = Mean time per level.
                   A        B        C        D        E       F      G
               +--------+--------+--------+--------+--------+-----+--------+
         Total |   2820 |   2782 |     38 |      0 |   2285 |   4 |  705.0 |
       Dungeon |   2820 |   2782 |     38 |      0 |   2285 |   4 |  705.0 |
               +--------+--------+--------+--------+--------+-----+--------+

Top non-repeatable levels by time:
     D:1: 1145 daAuts
     D:3: 1058 daAuts
     D:2: 454 daAuts
     D:4: 161 daAuts
